 Dungeon Crawl Stone Soup version 0.22.1-2-g9c5b331 (webtiles) character file.

201 Lauz the Firebug (level 5, -1/52 HPs)
             Began as a Demonspawn Fire Elementalist on Dec 3, 2018.
             Was a Follower of Cheibriados.
             Slain by an orc wizard
             ... wielding a +0 dagger
              (5 damage)
             ... on level 3 of the Dungeon on Dec 4, 2018.
             The game lasted 00:13:57 (3601 turns).

Lauz the Firebug (Demonspawn Fire Elementalist)     Turns: 3601, Time: 00:13:58

Health: -1/52      AC:  3    Str: 16    XL:     5   Next: 50%
Magic:  9/9        EV: 12    Int: 18    God:    Cheibriados [*.....]
Gold:   150        SH:  0    Dex: 16    Spells: 5/10 levels left

rFire    . . .     SeeInvis .   s - +0 falchion
rCold    . . .     Gourm    .   (no shield)
rNeg     . . .     Faith    .   a - +0 robe
rPois    .         Spirit   .   (no helmet)
rElec    .         Reflect  .   f - +0 cloak
rCorr    .         Harm     .   (no gloves)
MR       .....                  (no boots)
Stlth    ..........             (no amulet)
HPRegen  0.17/turn              o - ring of stealth
MPRegen  0.11/turn              (no ring)

@: berserking, very slow
A: powered by pain 1
a: Bend Time, Renounce Religion


You were on level 3 of the Dungeon.
You worshipped Cheibriados.
Cheibriados was aware of your devotion.
You were not hungry.

You visited 1 branch of the dungeon, and saw 4 of its levels.

You collected 150 gold pieces.

Inventory:

Hand Weapons
 s - a +0 falchion (weapon)
Armour
 a - a +0 robe (worn)
 f - a +0 cloak (worn)
 t - a +0 scale mail
Jewellery
 m - an uncursed amulet of faith
 o - a ring of stealth (left hand)
Scrolls
 b - 2 scrolls of identify {unknown}
 e - a scroll of enchant armour {unknown}
 l - a scroll of enchant weapon {unknown}
 q - a scroll of fear {unknown}
 r - a scroll of teleportation {unknown}
 u - a scroll of amnesia {unknown}
 v - a scroll of noise {unknown}
Potions
 d - a potion of degeneration {unknown}
 g - 2 potions of heal wounds {unknown}
 h - 2 potions of curing {unknown}
 i - a potion of berserk rage
 j - 2 potions of cancellation {unknown}
 k - a potion of might {unknown}
 n - a potion of haste {unknown}
 p - a potion of mutation {unknown}
 w - a potion of lignification {unknown}
Comestibles
 c - 4 rations
 x - 4 chunks of flesh


   Skills:
 + Level 0.2 Fighting
 * Level 0.5 Long Blades
 - Level 1.7 Dodging
 - Level 1.7 Stealth
 - Level 3.0 Spellcasting
 + Level 2.1 Conjurations
 * Level 4.7 Fire Magic


You had 5 spell levels left.
You knew the following spells:

 Your Spells              Type           Power        Failure   Level  Hunger
a - Flame Tongue          Conj/Fire      ###..        4%          1    None
b - Sticky Flame          Conj/Fire      ###.....     36%         4    ####...

Your spell library contained the following spells:

 Spells                   Type           Power        Failure   Level  Hunger
 Throw Flame              Conj/Fire      ###...       6%          2    ##.....
 Conjure Flame            Conj/Fire      ###.....     12%         3    ###....
 Inner Flame              Hex/Fire       ##......     19%         3    ###....
 Blink                    Tloc           N/A          24%         2    ##.....
 Fireball                 Conj/Fire      ###.......   73%         5    ######.


Dungeon Overview and Level Annotations

Branches:
Dungeon (4/15)
 Temple: D:4-7

Altars:
Cheibriados

Annotations:
D:3 Grinder


Innate Abilities, Weirdness & Mutations

You sometimes gain a little power by taking damage.


Message History

The orc is moderately wounded.
The orc wizard barely misses you. The orc barely misses you.
You riposte.
You barely miss the orc.
The orc is lightly wounded.
You barely miss the orc.
The orc is lightly wounded.
The orc wizard hits you but does no damage.
The orc closely misses you. The worm bites you!
The orc wizard casts a spell at you. The puff of frost hits you!
* * * LOW HITPOINT WARNING * * *
Casting: Flame Tongue (safe; 4% risk of failure)
Confirm with . or Enter, or press ? or * to list all spells.
Okay, then.
It was a potion of berserk rage.
A red film seems to cover your vision as you go berserk!
Cheibriados protects you from inadvertent hurry.
You feel mighty! The orc hits you but does no damage.
The worm barely misses you. The orc wizard hits you with a dagger.
You die...

########### #.........#
#.........#
###############.........#
........................#
................@o.######
...............w.o.#
#####..............#
#..............#########
##+#####.###...........#
#.#####'###...........#
#.....................#
#.....................#
######...........#.........#


You could see a worm, an orc wizard and an orc.

Vanquished Creatures
  An orc wizard (D:2)
  Jessica (D:2)
  Terence (D:3)
  Natasha (D:2)
  A gnoll (D:1)
  An adder (D:3)
  2 worms
  A dart slug (D:2)
  2 leopard geckos
  6 orcs
  A ball python (D:2)
  A giant cockroach (D:1)
  7 goblins
  6 hobgoblins
  A jackal (D:1)
  2 quokkas (D:2)
  9 bats
  5 frilled lizards
  9 kobolds
  7 rats
65 creatures vanquished.

Notes
Turn   | Place    | Note
-------+----------+-------------------------------------------
     0 | D:1      | Lauz the Demonspawn Fire Elementalist began the quest for
                  | the Orb.
     0 | D:1      | Reached XP level 1. HP: 13/13 MP: 3/3
   116 | D:1      | Reached skill level 3 in Fire Magic
   203 | D:1      | Gained mutation: You sometimes gain a little power by
                  | taking damage. [demonic ancestry]
   203 | D:1      | Reached XP level 2. HP: 19/19 MP: 0/5
   754 | D:1      | Reached XP level 3. HP: 24/24 MP: 0/6
  1323 | D:2      | Noticed Jessica
  1456 | D:2      | Killed Jessica
  1456 | D:2      | Reached skill level 4 in Fire Magic
  1456 | D:2      | Reached XP level 4. HP: 16/30 MP: 2/7
  1615 | D:2      | Identified Jessica's Almanac of Orientation
  2039 | D:2      | Noticed Natasha
  2046 | D:2      | Killed Natasha
  2153 | D:2      | Learned a level 4 spell: Sticky Flame
  2197 | D:3      | Noticed Terence
  2202 | D:3      | Killed Terence
  2202 | D:3      | Reached XP level 5. HP: 35/35 MP: 1/9
  3146 | D:3      | Noticed Grinder
  3417 | D:3      | Found a faded altar of an unknown god.
  3425 | D:3      | Became a worshipper of Cheibriados the Contemplative
  3425 | D:3      | Reached * piety under Cheibriados
  3601 | D:3      | Slain by an orc wizard

Skill      XL: |  1  2  3  4  5 |
---------------+----------------+-----
Fire Magic     | 3 4 |  4.7
Spellcasting   | 3 |  3.0
Conjurations   | 2 |  2.1
Fighting       | |  0.2
Long Blades    | |  0.5
Dodging        | |  1.7
Stealth        | |  1.7

Action                   |  1- 3 |  4- 6 || total
-------------------------+-------+-------++-------
Melee: Unarmed           |    18 |     1 ||    19
       Falchion          |       |    34 ||    34
 Cast: Flame Tongue      |    54 |    62 ||   116
       Sticky Flame      |       |     1 ||     1
  Use: Potion            |       |     1 ||     1
  Eat: Chunk             |     2 |     4 ||     6
       Ration            |       |     1 ||     1
Armor: Robe              |    15 |    12 ||    27
Dodge: Dodged            |    38 |    60 ||    98
       Rpst.: Falchion   |       |    11 ||    11
